 Dungeon Crawl Stone Soup version 0.31.0-11-ge490571c62 (webtiles) character file.

Game seed: 5512394451425402077

214 SnakkuSnakku7 the Insei (level 5, -3/38 HPs)
             Began as a Merfolk Air Elementalist on Jan 31, 2024.
             Was an Initiate of Ru.
             Splashed by a jelly's acid (8 damage)
             ... on level 5 of the Dungeon.
             The game lasted 00:06:26 (3397 turns).

SnakkuSnakku7 the Insei (Merfolk Air Elementalist)  Turns: 3397, Time: 00:06:27

Health: -3/38      AC: -3    Str: 11    XL:     5   Next: 91%
Magic:  8/8        EV: 11    Int: 14    God:    Ru [......]
Gold:   207        SH:  0    Dex: 14    Spells: 8/8 levels left

rFire   . .          .
                       - Unarmed
rCold   . . .        (no shield)
rNeg    . . .        n - +0 ring mail
rPois   .            (helmet currently unavailable)
rElec   .            (cloak currently unavailable)
rCorr   .            h - melded +0 pair of gloves
SInv    .            (boots currently unavailable)
Will    .....        (no amulet)
Stlth   +            (no ring)
HPRegen 0.26/turn    (no ring)
MPRegen 0.11/turn

%: no passive effects
@: beast-form, corroded, hasted, very quick
A: beast (slay +2), (nimble swimmer 2), mertail
a: Begin Untransformation, Renounce Religion


You were on level 5 of the Dungeon.
You worshipped Ru.
Ru was noncommittal.
You were a hulking beast.
You visited 2 branches of the dungeon, and saw 6 of its levels.

You collected 207 gold pieces.

Inventory:

Missiles
 m - 3 poisoned darts
Armour
 a - a +0 robe
 h - a +0 pair of gloves (melded)
 j - a scarf of harm
 k - a +0 leather armour
 n - a +0 ring mail (worn)
 v - a +0 helmet
Talismans
 l - a storm talisman
 q - a beast talisman (active)
 y - a maw talisman
Scrolls
 i - a scroll of amnesia
 o - a scroll of blinking {unknown}
 p - a scroll of enchant weapon {unknown}
 t - a scroll of enchant armour {unknown}
 u - 2 scrolls of identify {unknown}
 z - a scroll of teleportation {unknown}
Potions
 b - a potion of magic
 c - a potion of heal wounds {unknown}
 f - a potion of attraction {unknown}
 r - a potion of enlightenment {unknown}
 s - a potion of brilliance {unknown}
 w - a potion of lignification {unknown}
 x - a potion of curing {unknown}


   Skills:
 - Level 2.0 Fighting
 - Level 2.6 Dodging
 - Level 2.1 Stealth
 + Level 4.1 Unarmed Combat
 - Level 2.0 Spellcasting
 - Level 0.7 Conjurations
 - Level 2.4 Air Magic
 + Level 3.7 Shapeshifting


You had 8 spell levels left.
You didn't know any spells.
Your spell library contained the following spells:

 Spells                   Type           Power      Damage    Failure   Level
 Shock                    Conj/Air       20%        1d4       30%         1
 Static Discharge         Conj/Air       10%        3-4/arc   43%         2
 Swiftness                Air            8%         N/A       54%         3
 Jinxbite                 Hex            2%         N/A       65%         2
 Airstrike                Air            4%         2d(1-17)  91%         4
 Yara's Violent Unravell  Hex/Alch       0%         3d3       100%        5
 Enfeeble                 Hex            0%         N/A       100%        7


Dungeon Overview and Level Annotations

Branches:
Dungeon (5/15)             Temple (1/1) D:4

Altars:
Ashenzari
Cheibriados
Dithmenos
Elyvilon
Fedhas
Gozag
Hepliaklqana
Kikubaaqudgha
Makhleb
Nemelex Xobeh
Okawaru
Qazlal
Ru
Sif Muna
Uskayaw
Vehumet
Wu Jian
Xom
Yredelemnul
Zin
The Shining One

Annotations:
D:2 Jessica, Terence
D:4 Ijyb
Temple 2 transporters


Innate Abilities, Weirdness & Mutations

You are a hulking beast.
Your limbs bulge with bestial killing power. (Slay +2)
((You are very nimble when in or above water. (Stealth+, EV+, Speed+++)))
Your lower body shifts to a powerful aquatic tail in water.


Message History

The orc hits you with a +0 club. The orc closely misses you.
The orc hits you but does no damage.
The phantom hits you but does no damage.
The phantom hits you.
* * * LOW HITPOINT WARNING * * *
The phantom blinks!
You blink.
You punch the phantom!
The phantom is moderately damaged.
The phantom hits you but does no damage.
The phantom hits you.
* * * LOW HITPOINT WARNING * * *
The phantom blinks!
You blink.
The phantom hits you but does no damage.
You hit the orc.
The orc is lightly wounded.
You punch the orc!
You kill the orc!
The phantom misses you.
Things that are here:
a +0 club; an orc corpse You feel yourself speed up.
The phantom misses you.
Found a scroll labelled MUCUWN IGAMU.
Found a leather armour.
You see here a scroll labelled MUCUWN IGAMU.
u - 2 scrolls labelled MUCUWN IGAMU (gained 1)
Your hearing returns.
An adder comes into view.
You feel your willpower return.
A jelly comes into view.
Found a long sword.
Found a burning altar of Makhleb.
The jelly quivers.
The jelly hits you. The acid corrodes you!
You are splashed with acid!
* * * LOW HITPOINT WARNING * * *
Unknown command.
The jelly misses you. The jelly attacks as it pursues you! The jelly hits you.
* * * LOW HITPOINT WARNING * * *
The acid corrodes you!
You are splashed with acid!
You die...

.......## .......#
.....### # ...### .#
#..# ###### .# ##.##
#######....#.### ##..###
#.....#........#
#...W.###.._..#........#
...##.W.##.).##Jh.......
.#######................
. ###.............. .
####...........
#............
##...........
###......... ##........
.##....


You could see a jelly.

Vanquished Creatures
  A hound (D:4)
  An orc wizard (D:3)
  Robin (D:3)
  4 adders
  A dart slug (D:1)
  9 orcs
  4 ball pythons
  5 bats
  9 endoplasms
  3 giant cockroaches
  15 goblins
  5 hobgoblins
  13 kobolds
  12 quokkas
  4 frilled lizards
  8 rats
95 creatures vanquished.

Vanquished Creatures (others)
  A quokka (D:4)
1 creature vanquished.

Grand Total: 96 creatures vanquished

Notes
Turn   | Place    | Note
-------+----------+-------------------------------------------
     0 | D:1      | SnakkuSnakku7 the Merfolk Air Elementalist began the quest
                  | for the Orb.
     0 | D:1      | Reached XP level 1. HP: 13/13 MP: 3/3
    83 | D:1      | Reached skill level 1 in Fighting
    83 | D:1      | Reached skill level 1 in Unarmed Combat
    83 | D:1      | Reached XP level 2. HP: 19/21 MP: 1/5
   550 | D:1      | Reached XP level 3. HP: 22/27 MP: 6/6
   609 | D:1      | Reached skill level 2 in Unarmed Combat
  1084 | D:2      | Reached skill level 1 in Shapeshifting
  1142 | D:2      | Noticed Terence
  1336 | D:2      | Reached XP level 4. HP: 26/33 MP: 7/7
  1387 | D:2      | Noticed Jessica
  2290 | D:3      | Reached skill level 3 in Unarmed Combat
  2461 | D:3      | Reached XP level 5. HP: 22/38 MP: 8/8
  2715 | D:4      | Noticed Robin
  2738 | D:3      | Killed Robin
  2985 | D:4      | Found a hazy altar of Hepliaklqana.
  3075 | D:4      | Found a staircase to the Ecumenical Temple.
  3090 | Temple   | Found a transporter.
  3090 | Temple   | Found a transporter.
  3090 | Temple   | Found a transporter.
  3090 | Temple   | Found a transporter.
  3090 | Temple   | Entered the Ecumenical Temple
  3102 | Temple   | Became a worshipper of Ru the Awakened
  3155 | D:4      | Reached skill level 4 in Unarmed Combat
  3226 | D:4      | Noticed Ijyb
  3238 | D:5      | Entered Level 5 of the Dungeon
  3266 | D:5      | Noticed a phantom
  3385 | D:5      | Found a burning altar of Makhleb.
  3397 | D:5      | Splashed by a jelly's acid

Illustrated notes

Levels and vault maps discovered:
D:1:      mainiacjoe_arrival_reflecting_pool, layout_loops_ring,
          wander_ebering_terrifying_dragon_lair
D:2:      layout_loops_ring, nicolae_figureground_pulse, uniq_jessica,
          uniq_terence
D:3:      layout_rooms
D:4:      layout_rooms, nicolae_hepliaklqana_hazy_memory,
          minmay_temple_entry_grid, uniq_ijyb, uniq_robin
D:5:      layout_cave_pods, mainiacjoe_overflow_alcove_1, gammafunk_ghost_smash,
          serial_park_tiny_1, kennysheep_generic_room_12, uniq_grinder
Temple:   hellmonk_temple_divided_pantheon

Skill      XL: |  1  2  3  4  5 |
---------------+----------------+-----
Fighting       | 1 2 |  2.0
Unarmed Combat | 1 2 3 4 |  4.1
Shapeshifting  | 1 2 3 |  3.7
Dodging        | |  2.6
Stealth        | |  2.1
Spellcasting   | |  2.0
Conjurations   | |  0.7
Air Magic      | |  2.4

Action                     |  1- 3 |  4- 6 || total
---------------------------+-------+-------++-------
  Melee: Unarmed           |   203 |   231 ||   434
         Punch             |     1 |     5 ||     6
   Cast: Shock             |    16 |       ||    16
    Use: Scroll            |       |     3 ||     3
         Potion            |       |     2 ||     2
   Stab: Sleeping          |     5 |     1 ||     6
 Armour: Robe              |    28 |       ||    28
         Leather armour    |    14 |       ||    14
         Ring mail         |    67 |   186 ||   253
  Dodge: Dodged            |   130 |   119 ||   249
   Form: Beast             |       |     1 ||     1
